 Dungeon Crawl Stone Soup version 0.20.1-1-g8b1a95d (webtiles) character file.

329 vineage the Slasher (level 6, -3/37 HPs)
             Began as a Gargoyle Fighter on Oct 7, 2017.
             Killed by divine providence
             ... invoked by an orc priest
              (13 damage)
             ... on level 3 of the Dungeon.
             The game lasted 00:03:19 (2047 turns).

vineage the Slasher (Gargoyle Fighter)              Turns: 2047, Time: 00:03:20

Health: -3/37      AC: 11    Str: 25    XL:     6   Next: 50%
Magic:  6/6        EV:  7    Int:  9    God:
Gold:   164        SH:  9    Dex: 10    Spells: 5/5 levels left

rFire    . . .     SeeInvis .   a - +0 long sword
rCold    . . .     Gourm    .   c - +0 shield
rNeg     + . .     Faith    .   b - +0 scale mail
rPois    ∞         Spirit   .   (no helmet)
rElec    +         Reflect  .   (no cloak)
rCorr    .         Harm     .   (no gloves)
MR       +....                  (no boots)
Stlth    +.........             (no amulet)
Regen    0.2/turn               e - ring of stealth
MPRegen  0.1/turn               j - ring of protection from magic

@: mighty
A: negative energy resistance 1, electricity resistance, unbreathing,
petrification resistance, rot immunity, AC +4
a: no special abilities


You were on level 3 of the Dungeon.
You were not hungry.

You visited 1 branch of the dungeon, and saw 3 of its levels.

You collected 164 gold pieces.

Inventory:

Hand Weapons
 a - a +0 long sword (weapon)
 r - a +0 whip of freezing
Armour
 b - a +0 scale mail (worn)
 c - a +0 shield (worn)
 y - a +0 helmet
Jewellery
 e - a ring of stealth (left hand)
 j - a ring of protection from magic (right hand)
 u - an uncursed ring of wizardry {unknown}
Wands
 q - a wand of digging (12/24)
 t - a wand of flame (19/48)
Scrolls
 g - 3 scrolls of identify {unknown}
 h - 2 scrolls of enchant armour {unknown}
 k - 2 scrolls of teleportation {unknown}
 l - a scroll of magic mapping {unknown}
 m - a scroll of fear {unknown}
 o - 2 scrolls of remove curse {unknown}
 p - a scroll of amnesia {unknown}
 x - a scroll of fog {unknown}
Potions
 d - a potion of might
 i - 2 potions of curing
 n - a potion of heal wounds {unknown}
 s - a potion of mutation {unknown}
Comestibles
 f - 3 bread rations
 w - a meat ration


   Skills:
 - Level 3.2 Fighting
 * Level 6.0 Long Blades
 - Level 3.2 Armour
 - Level 0.2 Dodging
 - Level 0.2 Stealth
 - Level 3.2 Shields


You had 5 spell levels left.
You didn't know any spells.

Dungeon Overview and Level Annotations

Branches:
Dungeon (3/15)

Altars:
Nemelex Xobeh
Trog


Innate Abilities, Weirdness & Mutations

You are resistant to torment.
Your stone body is resilient. (AC +4)
You are immune to poison.
You resist negative energy. (rN+)
You are resistant to electric shocks. (rElec)
You can survive without breathing.
You are immune to petrification.
You are immune to rotting.


Message History

It was a potion of curing.
You feel better.
The orc priest hits you but does no damage.
You closely miss the orc priest.
The orc priest is heavily wounded.
The orc priest invokes the aid of Beogh against you.
Beogh smites you!
* * * LOW HITPOINT WARNING * * *
The orc priest barely misses you.
The orc priest looks braver for a moment.
You slice the orc priest!!
You kill the orc priest!
Your Long Blades skill increases to level 6!
The bat hits you but does no damage. x2
You slash the bat!
You kill the bat!
You slash the orc priest!
The orc priest is heavily wounded.
The orc priest invokes the aid of Beogh against you.
Beogh smites you!
You die...

.#..........................##...
.#.##'#.##'#.##+#.##'#.##'#.#...#
.#.#..#.#..#.#..#.#..#.#..#.##.##
.#.#⌠.#.#..'.'..#[#).'.+..#.##.#
.#.####.####.####.####.####.##)#
#.......................)..##.##
##########################.#....
.....?..##########...#..####
.......).oo@(.(.............
........####################
..#######


You could see an orc priest and an orc.

Vanquished Creatures
  2 orc wizards (D:3)
  3 orc priests (D:3)
  Jessica (D:2)
  5 adders
  4 gnolls (D:2)
  2 oozes
  A worm (D:2)
  A leopard gecko (D:1)
  5 orcs (D:3)
  11 bats
  A giant cockroach (D:3)
  7 goblins
  7 hobgoblins
  A quokka (D:2)
  2 frilled lizards
  7 kobolds
  4 rats
64 creatures vanquished.

Notes
Turn   | Place    | Note
-------+----------+-------------------------------------------
     0 | D:1      | vineage the Gargoyle Fighter began the quest for the Orb.
     0 | D:1      | Reached XP level 1. HP: 14/14 MP: 1/1
   154 | D:1      | Reached skill level 2 in Long Blades
   189 | D:1      | Reached XP level 2. HP: 17/19 MP: 2/2
   585 | D:1      | You fall through a shaft!
   594 | D:2      | Reached skill level 3 in Long Blades
   594 | D:2      | Reached XP level 3. HP: 19/23 MP: 3/3
   660 | D:2      | Found a sparkling altar of Nemelex Xobeh.
   660 | D:2      | Noticed Jessica
   664 | D:2      | Killed Jessica
   664 | D:2      | Reached XP level 4. HP: 26/28 MP: 4/4
   843 | D:2      | Reached skill level 4 in Long Blades
   859 | D:2      | Reached XP level 5. HP: 28/32 MP: 5/5
  1228 | D:3      | Reached skill level 5 in Long Blades
  1268 | D:3      | Reached XP level 6. HP: 2/37 MP: 6/6
  1719 | D:3      | Found a bloodstained altar of Trog.
  2045 | D:3      | Reached skill level 6 in Long Blades
  2047 | D:3      | Killed from afar by an orc priest

Skill      XL: |  1  2  3  4  5  6 |
---------------+-------------------+-----
Long Blades    | 2 3 4 5 6 |  6.0
Fighting       | |  3.2
Armour         | |  3.2
Dodging        | |  0.2
Stealth        | |  0.2
Shields        | |  3.2

Action                   |  1- 3 |  4- 6 || total
-------------------------+-------+-------++-------
Melee: Long sword        |    59 |   187 ||   246
  Use: Potion            |       |     2 ||     2
  Eat: Chunk             |       |     4 ||     4
Armor: Scale mail        |    33 |   104 ||   137
Dodge: Dodged            |    21 |    51 ||    72
Block: Shield            |    38 |   101 ||   139
       Rpst.: Long sword |     8 |    21 ||    29
